 Dungeon Crawl Stone Soup version 0.23.2-30-g0e89c35649 (webtiles) character file.

Game seed: 14512966361147034819

1147 Hasart the Firebug (level 8, 0/41 HPs)
             Began as a Deep Elf Fire Elementalist on June 17, 2019.
             Slain by a slave (6 damage)
             ... led by Pikel
             ... on level 6 of the Dungeon on June 25, 2019.
             The game lasted 00:13:47 (4336 turns).

Hasart the Firebug (Deep Elf Fire Elementalist)     Turns: 4336, Time: 00:13:48

Health: 0/41       AC:  2    Str:  5    XL:     8   Next: 15%
Magic:  6/19       EV: 15    Int: 23    God:
Gold:   365        SH:  0    Dex: 15    Spells: 9/19 levels left

rFire    . . .     SeeInvis .   g - +0 mace
rCold    . . .     Gourm    .   (no shield)
rNeg     . . .     Faith    .   a - +0 robe
rPois    .         Spirit   .   (no helmet)
rElec    .         Reflect  .   (no cloak)
rCorr    .         Harm     .   (no gloves)
MR       .....                  (no boots)
Stlth    ++........             p - amulet of magic regeneration
HPRegen  0.13/turn              (no ring)
MPRegen  0.41/turn              (no ring)

@: no status effects
A: no striking features
a: no special abilities


You were on level 6 of the Dungeon.
You were hungry.

You visited 1 branch of the dungeon, and saw 6 of its levels.

You collected 365 gold pieces.

Inventory:

Hand Weapons
 g - a +0 mace (weapon)
Armour
 a - a +0 robe (worn)
Jewellery
 p - an amulet of magic regeneration (around neck)
 r - an uncursed amulet of harm {unknown}
Wands
 q - a wand of iceblast (6)
Scrolls
 b - a scroll of remove curse
 d - 3 scrolls of amnesia
 f - a scroll of random uselessness {unknown}
 i - 3 scrolls of identify
 j - a scroll of enchant weapon {unknown}
 k - 2 scrolls of enchant armour {unknown}
 n - 2 scrolls of teleportation {unknown}
 t - a scroll of noise {unknown}
Potions
 e - a potion of ambrosia
 l - a potion of heal wounds {unknown}
 m - a potion of lignification {unknown}
 o - a potion of haste {unknown}
 s - a potion of resistance {unknown}
 u - a potion of brilliance {unknown}
Comestibles
 c - 11 rations


   Skills:
 + Level 5.1 Dodging
 - Level 2.4 Stealth
 + Level 6.0 Spellcasting
 * Level 6.1 Conjurations
 * Level 6.9 Fire Magic


You had 9 spell levels left.
You knew the following spells:

 Your Spells              Type           Power        Failure   Level  Hunger
a - Flame Tongue          Conj/Fire      #####        1%          1    None
b - Sticky Flame          Conj/Fire      #####...     6%          4    ###....
d - Fireball              Conj/Fire      #####.....   16%         5    #####..

Your spell library contained the following spells:

 Spells                   Type           Power        Failure   Level  Hunger
 Throw Flame              Conj/Fire      #####.       1%          2    None
 Conjure Flame            Conj/Fire      #####...     1%          3    #......
 Inner Flame              Hex/Fire       ###.....     6%          3    #......


Dungeon Overview and Level Annotations

Branches:
Dungeon (6/15)
 Temple: D:4-7

Altars:
Ashenzari

Annotations:
D:6 Pikel


Message History

Evoke which item? (* to show all) (? for menu, Esc to quit)
Aiming: Iceblast
Press: ? - help, Shift-Dir - straight line, f/p - Sigmund
Aim: Sigmund, wielding a +0 scythe and wearing a +1 robe of resistance (almost dead)
The mass of ice explodes!
The iceblast engulfs Sigmund!
Sigmund partially resists.
You kill Sigmund!
Your Dodging skill increases to level 5!
Your Spellcasting skill increases to level 6!
Your Conjurations skill increases to level 6!
You have reached level 8!
You feel clever.
Unknown command.
Pikel says, "I'm sure the Orcish Mines are around here somewhere..."
A slave comes into view.
The slave closely misses you.
There is a stone staircase leading up here.
Unknown command.
The slave hits you.
You die...

####+######
#........).
#......#
#......#
#@p....#
#.K)...#
#..p..<#
#......#
#..p...#
.......##
......†..
..........
.........


You could see Pikel and 3 slaves.

Vanquished Creatures
  Sigmund (D:6)
  2 ice beasts (D:5)
  An ogre (D:5)
  A phantom (D:4)
  A centaur (D:5)
  A bullfrog (D:4)
  A scorpion (D:5)
  2 orc priests
  2 orc wizards
  2 bullfrog skeletons (D:5)
  3 worker ants
  5 adders
  A river rat (D:5)
  2 oozes
  3 worms
  4 dart slugs
  8 leopard geckos
  9 orcs
  8 bats
  4 giant cockroaches
  9 goblins
  7 hobgoblins
  6 jackals (D:1)
  4 quokkas
  A ball python (D:4)
  2 frilled lizards
  8 kobolds
  A quokka zombie (D:5)
  12 rats
111 creatures vanquished.

Vanquished Creatures (others)
  3 toadstools (D:1)
3 creatures vanquished.

Grand Total: 114 creatures vanquished

Notes
Turn   | Place    | Note
-------+----------+-------------------------------------------
     0 | D:1      | Hasart the Deep Elf Fire Elementalist began the quest for
                  | the Orb.
     0 | D:1      | Reached XP level 1. HP: 10/10 MP: 6/6
   356 | D:1      | Reached XP level 2. HP: 15/15 MP: 6/8
   566 | D:1      | Reached XP level 3. HP: 17/19 MP: 2/9
  1238 | D:2      | Reached XP level 4. HP: 24/24 MP: 7/11
  1245 | D:2      | Learned a level 4 spell: Sticky Flame
  1447 | D:2      | Found a shattered altar of Ashenzari.
  1711 | D:3      | Reached XP level 5. HP: 13/28 MP: 4/13
  2377 | D:3      | Learned a level 3 spell: Conjure Flame
  2619 | D:4      | Reached skill level 5 in Fire Magic
  2688 | D:4      | Reached XP level 6. HP: 32/32 MP: 10/14
  2813 | D:4      | Learned a level 5 spell: Fireball
  3476 | D:5      | Entered Level 5 of the Dungeon
  3479 | D:5      | Noticed an ice beast
  3484 | D:5      | Reached skill level 5 in Spellcasting
  3484 | D:5      | Reached XP level 7. HP: 29/36 MP: 6/16
  3490 | D:5      | Reached skill level 5 in Conjurations
  4322 | D:6      | Noticed Sigmund
  4330 | D:6      | Noticed Pikel
  4332 | D:6      | Killed Sigmund
  4332 | D:6      | Reached skill level 5 in Dodging
  4332 | D:6      | Reached XP level 8. HP: 5/41 MP: 4/19
  4336 | D:6      | Slain by a slave

Skill      XL: |  1  2  3  4  5  6  7 |
---------------+----------------------+-----
Conjurations   | 2 3 4 6 |  6.1
Dodging        | 3 4 5 |  5.1
Fire Magic     | 4 5 6 |  6.9
Spellcasting   | 4 5 6 |  6.0
Stealth        | |  2.4

Action                   |  1- 3 |  4- 6 |  7- 9 || total
-------------------------+-------+-------+-------++-------
Melee: Dagger            |     2 |    12 |     1 ||    15
       Mace              |       |       |    13 ||    13
 Cast: Flame Tongue      |    64 |   106 |    18 ||   188
       Sticky Flame      |       |     3 |     4 ||     7
       Fireball          |       |       |     5 ||     5
Evoke: Wand              |       |       |     3 ||     3
  Use: Scroll            |       |       |     3 ||     3
       Potion            |       |       |     2 ||     2
 Stab: Sleeping          |     1 |       |       ||     1
  Eat: Chunk             |     1 |     7 |     4 ||    12
Armor: Robe              |     4 |     5 |     2 ||    11
Dodge: Dodged            |    18 |    23 |    19 ||    60
